 Dungeon Crawl Stone Soup version 0.31-a0-1620-gcbf77bbcfc (console) character file.

Game seed: 10839408360010715081

136930 Ignak the Spear-Bearer (level 17, -5/146 HPs)
             Began as a Gnoll Air Elementalist on Jan 10, 2024.
             Was an Elder of Sif Muna.
             Constricted to death by Jorgrun (6 damage)
             ... on level 2 of the Spider Nest on Jan 11, 2024.
             The game lasted 02:31:16 (29652 turns).

Ignak the Spear-Bearer (Gnoll Air Elementalist)    Turns: 29652, Time: 02:31:17

Health: -5/146     AC: 22    Str:  9    XL:     17   Next: 22%
Magic:  11/33      EV: 19    Int: 22    God:    Sif Muna [****..]
Gold:   789        SH:  5    Dex: 14    Spells: 0/41 levels left

rFire   + . .        a - +11 broad axe "Pinopn" {pain, rN+}
rCold   + + .        (no shield)
rNeg    + + .        X - +0 troll leather armour
rPois   +            x - -2 hat of the Alchemist {rElec rPois rF+ rC+ rN+ Will+ rMut rCorr}
rElec   +            c - +2 cloak
rCorr   +            C - +3 pair of gloves of Dirais {SInv}
SInv    +            Z - +2 pair of boots "Hyech" {rC+ Int+2}
Will    ++...        V - amulet of reflection
Stlth   +++++        d - +5 ring of evasion
HPRegen 1.24/turn    G - ring "Ownu" {rPois AC+4 Slay+3}
MPRegen 0.23/turn

%: reflection, resist mutation
@: grasped by roots, constricted, studying Polearms
A: fangs 1, strong nose, distributed training, iridescent scales 2,
deterioration 1, robust 1
a: Renounce Religion, Channel Magic, Forget Spell, Divine Exegesis


You were on level 2 of the Spider Nest.
You worshipped Sif Muna.
Sif Muna was greatly pleased with you.
You visited 5 branches of the dungeon, and saw 25 of its levels.
You also visited: Gauntlet and Ice Cave.

You collected 3445 gold pieces.
You spent 2656 gold pieces at shops.

Inventory:

Hand Weapons
 a - the +11 broad axe "Pinopn" (weapon) {pain, rN+}
   (You found it on level 12 of the Dungeon)

   rN+:       It protects you from negative energy.
 b - the +8 halberd of the Genius {freeze, Will+}
   (You found it on level 12 of the Dungeon)

   Will+:     It increases your willpower.
 k - a +3 heavy broad axe
Missiles
 j - 62 poisoned darts (quivered)
Armour
 c - a +2 cloak (worn)
 x - the -2 hat of the Alchemist (worn) {rElec rPois rF+ rC+ rN+ Will+ rMut rCorr}
   (You bought it in a shop on level 3 of the Dungeon)

   rF+:       It protects you from fire.
   rC+:       It protects you from cold.
   rElec:     It insulates you from electricity.
   rPois:     It protects you from poison rN+: It protects you from negative
   energy.
   Will+:     It increases your willpower.
   rCorr:     It protects you from acid and corrosion.
   rMut:      It protects you from mutation.
 B - a +0 kite shield
 C - the +3 pair of gloves of Dirais (worn) {SInv}
   (You found it on level 6 of the Dungeon)

   SInv:      It lets you see invisible.
 X - a +0 troll leather armour (worn)
 Z - the +2 pair of boots "Hyech" (worn) {rC+ Int+2}
   (You bought it in a shop on level 2 of the Orcish Mines)

   Int+2:     It affects your intelligence (+2).
   rC+:       It protects you from cold.
Jewellery
 d - a +5 ring of evasion (left hand)
 i - a ring of flight
 z - an amulet of magic regeneration
 F - a ring of poison resistance
 G - the ring "Ownu" (right hand) {rPois AC+4 Slay+3}
   (You found it in an ice cave)

   [ring of protection]

   AC+4:      It affects your AC (+4).
   Slay+3:    It affects your accuracy & damage with ranged weapons and melee
   (+3).
   rPois:     It protects you from poison
 L - an amulet of regeneration
 R - the ring of Vuaxkewn {rElec rC+ rN+ Dex+5}
   (You found it in a Gauntlet)

   [ring of protection from cold]

   Dex+5:     It affects your dexterity (+5).
   rC+:       It protects you from cold.
   rElec:     It insulates you from electricity.
   rN+:       It protects you from negative energy.
 V - an amulet of reflection (around neck)
Wands
 g - a wand of light (5)
 m - a wand of roots (35)
 r - a wand of polymorph (17)
 E - a wand of charming (19)
 J - a wand of digging (4)
 Q - a wand of flame (46)
Scrolls
 h - 3 scrolls of fog
 n - 7 scrolls of teleportation
 o - 2 scrolls of fear
 p - a scroll of revelation
 s - a scroll of silence
 t - 5 scrolls of vulnerability
 u - 8 scrolls of identify
 D - 2 scrolls of blinking
 K - a scroll of enchant armour
 Y - 4 scrolls of poison
Potions
 e - 5 potions of curing
 f - 6 potions of might
 l - 2 potions of enlightenment
 q - 2 potions of invisibility
 w - 8 potions of haste
 A - 2 potions of cancellation
 H - 5 potions of mutation
 I - 3 potions of lignification
 M - 2 potions of berserk rage
 N - 3 potions of heal wounds
 P - a potion of magic
 S - a potion of brilliance
 T - 4 potions of resistance
 U - 5 potions of attraction
Miscellaneous
 y - a lightning rod (4/4)
 W - a phial of floods (inert)


   Skills:
 + Level 11.9 Fighting
 + Level 11.9 Short Blades
 + Level 11.9 Long Blades
 + Level 11.9 Axes
 + Level 11.9 Maces & Flails
 + Level 14.7 Polearms
 + Level 11.9 Staves
 + Level 11.9 Ranged Weapons
 + Level 11.9 Throwing
 + Level 11.9 Armour
 + Level 12.7 Dodging
 + Level 12.6 Stealth
 + Level 11.9 Shields
 + Level 11.9 Unarmed Combat
 + Level 12.8 Spellcasting
 + Level 10.3 Conjurations
 + Level 10.0 Hexes
 + Level 10.0 Summonings
 + Level 10.0 Necromancy
 + Level 10.0 Translocations
 + Level 10.0 Fire Magic
 + Level 10.0 Ice Magic
 + Level 11.4 Air Magic
 + Level 10.0 Earth Magic
 + Level 10.0 Alchemy
 + Level 12.9 Invocations
 + Level 11.9 Evocations
 + Level 10.9 Shapeshifting


You couldn't memorise any spells.
You knew the following spells:

 Your Spells              Type           Power      Damage    Failure   Level
a - Maxwell's Capacitive  Air            29%        ∞         98%         8
b - Swiftness             Air            59%        N/A       1%          3
c - Airstrike             Air            29%        2d(5-21)  1%          4
d - Vhi's Electric Charg  Tloc/Air       100%       N/A       1%          4
e - Summon Cactus Giant   Summ           27%        N/A       14%         6
f - Arcjolt               Conj/Air       29%        1d39      1%          5
g - Sticky Flame          Fire/Alch      55%        2d10      1%          4
t - Passwall              Erth           55%        N/A       1%          3
z - Olgreb's Toxic Radia  Alch           55%        N/A       1%          4

Your spell library contained the following spells:

 Spells                   Type           Power      Damage    Failure   Level
 Apportation              Tloc           100%       N/A       1%          1
 Necrotise                Necr           100%       1d9       1%          1
 Sandblast                Erth           100%       2d20      1%          1
 Shock                    Conj/Air       100%       1d9       1%          1
 Slow                     Hex            100%       N/A       1%          1
 Sting                    Conj/Alch      100%       1d9       1%          1
 Summon Small Mammal      Summ           100%       N/A       1%          1
 Call Imp                 Summ           100%       N/A       1%          2
 Cigotuvi's Dreadful Rot  Necr/Alch/Air  100%       N/A       1%          2
 Ensorcelled Hibernation  Hex/Ice        100%       N/A       1%          2
 Jinxbite                 Hex            100%       N/A       1%          2
 Scorch                   Fire           100%       2d9       1%          2
 Static Discharge         Conj/Air       100%       3-8/arc   1%          2
 Sublimation of Blood     Necr           55%        N/A       1%          2
 Call Canine Familiar     Summ           55%        N/A       1%          3
 Confusing Touch          Hex            55%        N/A       1%          3
 Dazzling Flash           Conj/Hex       100%       N/A       1%          3
 Gell's Gravitas          Tloc           55%        N/A       1%          3
 Hailstorm                Conj/Ice       56%        3d11      1%          3
 Inner Flame              Hex/Fire       55%        N/A       1%          3
 Sigil of Binding         Hex            55%        N/A       1%          3
 Stone Arrow              Conj/Erth      100%       3d13      1%          3
 Summon Ice Beast         Ice/Summ       55%        N/A       1%          3
 Teleport Other           Tloc           55%        N/A       1%          3
 Vampiric Draining        Necr           55%        2d9       1%          3
 Animate Armour           Summ/Erth      100%       N/A       1%          4
 Brom's Barrelling Bould  Conj/Erth      56%        2d7       1%          4
 Dispel Undead            Necr           55%        3d20      1%          4
 Flame Wave               Conj/Fire      56%        2d13      1%          4
 Leda's Liquefaction      Alch/Erth      27%        N/A       1%          4
 Martyr's Knell           Necr/Summ      55%        N/A       1%          4
 Summon Blazeheart Golem  Fire/Summ      55%        N/A       1%          4
 Alistair's Intoxication  Alch           36%        N/A       2%          5
 Curse of Agony           Necr           55%        N/A       2%          5
 Fireball                 Conj/Fire      28%        3d12      2%          5
 Iskenderun's Battlesphe  Conj           56%        2d11      2%          5
 Lee's Rapid Deconstruct  Erth           27%        3d15*     2%          5
 Summon Forest            Summ/Tloc      27%        N/A       2%          5
 Conjure Ball Lightning   Conj/Air       29%        3x3d8     10%         6
 Bombard                  Conj/Erth      28%        9d5       13%         6
 Death Channel            Necr           27%        N/A       14%         6
 Dispersal                Tloc           27%        N/A       14%         6
 Sculpt Simulacrum        Ice/Alch       27%        N/A       14%         6
 Orb of Destruction       Conj           28%        9d9       56%         7
 Spellforged Servitor     Conj/Summ      28%        N/A       58%         7
 Ozocubu's Refrigeration  Ice            27%        4d13      61%         7
 Summon Hydra             Summ           27%        N/A       61%         7
 Discord                  Hex            27%        N/A       99%         8
 Disjunction              Tloc           27%        N/A       99%         8


Dungeon Overview and Level Annotations

Branches:
Dungeon (15/15)            Temple (1/1) D:4            Lair (5/5) D:10
  Swamp (0/4) Lair:3       Spider (2/4) Lair:2        Slime (0/5) Lair:4
    Orc (2/2) D:10            Elf (0/3) Orc:2        Vaults (0/5) D:13
 Depths (0/4) D:15          IceCv (visited)         Gauntlet (visited)

Altars:
Ashenzari
Cheibriados
Dithmenos
Elyvilon
Fedhas
Gozag
Hepliaklqana
Kikubaaqudgha
Makhleb
Nemelex Xobeh
Okawaru
Qazlal
Ru
Sif Muna
Trog
Uskayaw
Vehumet
Wu Jian
Xom
Yredelemnul
Zin
The Shining One
Jiyva

Shops:
D:3 *   D:5 :   D:14 **   Orc:1 (   Orc:2 ((:?=[

Annotations:
Spider:2 Jorgrun


Innate Abilities, Weirdness & Mutations

You have very sharp teeth.
Your uncanny sense of smell can sniff out nearby items.
Your experience applies equally to all skills.
You are mostly covered in iridescent scales. (AC +4)
Your body sometimes deteriorates upon taking damage.
You are robust. (+10% HP)


Message History

Confirm with . or Enter, or press ? or * to list all spells.
You begin to radiate toxic energy.
Jorgrun is poisoned.
The redback is poisoned.
The redback looks even sicker.
Jorgrun burns!
The redback burns!
You kill the redback!
Sif Muna accepts your kill. Jorgrun hits you but does no damage.
The ground beneath you fractures. The grasping roots constrict you.
You slash Jorgrun!
Jorgrun writhes in agony!
Jorgrun is moderately wounded.
Jorgrun looks even sicker.
Jorgrun burns!
Jorgrun hits you but does no damage. The grasping roots constrict you.
You hit Jorgrun.
Jorgrun writhes in agony.
Jorgrun is heavily wounded.
Jorgrun burns!
Jorgrun completely misses you. The grasping roots constrict you.
You barely miss Jorgrun.
Jorgrun is heavily wounded.
Jorgrun burns!
Jorgrun stops burning.
Jorgrun hits you with a staff of earth! The ground beneath you fractures.
The grasping roots constrict you.
You slash Jorgrun!
Jorgrun writhes in agony.
Jorgrun is severely wounded.
Your toxic aura wanes.
Jorgrun hits you but does no damage. The ground beneath you fractures!
The grasping roots constrict you!
Your magical contamination has completely faded away.
Casting: Olgreb's Toxic Radiance (mildly dangerous; 1% risk of failure)
Confirm with . or Enter, or press ? or * to list all spells.
You can't charge at jorgrun because you're already next to there.
Casting: Vhi's Electric Charge (mildly dangerous; 1% risk of failure)
Confirm with . or Enter, or press ? or * to list all spells.
Okay, then.
Casting: Vhi's Electric Charge (mildly dangerous; 1% risk of failure)
Confirm with . or Enter, or press ? or * to list all spells.
Electricity surges outward!
Jorgrun is struck by an electric surge!
Jorgrun is almost dead.
Jorgrun points at you and mumbles some strange words.
The iron shot hits you!!!
* * * LOW HITPOINT WARNING * * *
The grasping roots constrict you.
You die...

##....#..##
#....#†.†##
###.......# #
##......# .##
##)....#
#..##
##...###...^#
##...#..(...#
#.^.##†.....^
##...@g......
#.......^...
#...........
##........#.
##########


You could see Jorgrun (very poisoned).

Vanquished Creatures
  A draconian knight (IceCv)
  A frost giant (D:15)
  The ghost of TheSeeker391 the Severer, a journeyman HOFi of Okawaru (D:9)
  The ghost of Moethr Peana the Slayer, a journeyman MiFi of Okawaru (D:11)
  A fire giant (D:12)
  A very ugly thing (D:14)
  A broodmother (Spider:1)
  Nessos (Lair:3)
  A war gargoyle (D:13)
  A spark wasp (Spider:1)
  5 white draconians (IceCv)
  A minotaur (Gauntlet)
  The ghost of Hab Okin the Martial Artist, a journeyman GnSh of Hepliaklqana (Lair:4)
  Snorg (Lair:4)
  An ettin (D:13)
  2 entropy weavers
  An ironbound frostheart (D:13)
  2 vault guards (D:13)
  The ghost of bezhaha the Thaumaturge, a journeyman DjFE of Gozag (D:11)
  6 centaur warriors
  2 catoblepae
  2 death knights
  6 hydras
  A jorogumo (Spider:1)
  2 radroaches
  Erica (D:9)
  7 boulder beetles
  8 death yaks
  4 two-headed ogres
  3 deep troll earth magi
  4 tengu warriors
  Urug (Lair:5)
  4 orc high priests (Orc:2)
  5 demonic crawlers
  3 pharaoh ants (Spider:1)
  2 skysharks
  11 skeletal warriors
  2 orb spiders
  An orange crystal statue (IceCv)
  2 lindwurms (Lair:5)
  A deep troll (D:11)
  7 wolf spiders
  4 deep elf pyromancers
  2 steelbarb worms (Spider:1)
  An oklob plant (Gauntlet)
  6 orc sorcerers
  3 cyclopes
  A worldbinder (Gauntlet)
  2 elephants (Lair:5)
  13 ugly things
  2 kobold blastminers
  3 manticores
  2 moths of wrath
  A black mamba (Lair:4)
  4 storm dragon simulacra (IceCv)
  A torpor snail (Lair:5)
  An ice statue (D:12)
  5 gargoyles
  4 rime drakes
  4 cane toads
  7 komodo dragons
  An unseen horror (D:10)
  2 tengu conjurers
  6 golden dragon simulacra (IceCv)
  Jeremiah (Lair:1)
  A komodo dragon (shapeshifter) (D:13)
  A queen bee (shapeshifter) (D:14)
  A freezing wraith (D:15)
  6 trolls
  2 tyrant leeches (Lair:3)
  A dream sheep (shapeshifter) (D:12)
  3 polar bears
  6 hornets
  6 tarantellas (Spider:1)
  18 blink frogs
  14 dream sheep
  12 jumping spiders
  A vampire (D:13)
  4 culicivoras
  3 slime creatures (D:12)
  A centaur simulacrum (D:14)
  A spriggan (Lair:2)
  2 shadows
  33 yaks
  A fire bat (shapeshifter) (D:14)
  5 wyverns
  4 basilisks
  4 wraiths
  A warg (D:10)
  3 humans (D:13)
  13 redbacks
  8 vampire mosquitoes
  13 water moccasins
  4 acid dragons
  12 nameless horrors
  2 black bears
  An ice beast (D:4)
  2 ice dragon simulacra (IceCv)
  19 orc warriors
  4 laughing skulls (Gauntlet)
  4 wolves
  6 ogres
  3 boggarts (Gauntlet)
  9 centaurs
  3 phantoms
  7 kobold brigands
  A weeping skull (Gauntlet)
  11 bullfrogs
  3 gnoll sergeants
  2 scorpions
  15 wights
  9 killer bees
  7 lindwurm simulacra (IceCv)
  3 howler monkeys
  8 electric eels
  5 bombardier beetles
  A hound (shapeshifter) (D:13)
  A hound (D:7)
  2 jellies
  6 quasits (D:6)
  35 orc priests
  A gnoll bouda (D:9)
  3 sleepcaps
  An iguana (D:5)
  A hell rat (D:10)
  28 orc wizards
  7 adders
  14 gnolls
  2 river rats (D:10)
  2 ufetubi (D:7)
  4 dart slugs
  A ribbon worm (D:4)
  62 orcs
  2 ball pythons
  5 bats
  5 endoplasms
  A giant cockroach (D:1)
  11 goblins
  6 hobgoblins
  5 jackals
  23 kobolds
  3 quokkas
  3 frilled lizards
  9 rats
738 creatures vanquished.

Vanquished Creatures (collateral kills)
  A dire elephant (Lair:5)
  A catoblepas (Lair:5)
  2 death yaks
  An orc high priest (Orc:1)
  3 skeletal warriors
  The ghost of temujin the Frost Mage, a novice HuWn of Sif Muna (D:6)
  An orc knight (Orc:2)
  2 ugly things (D:15)
  A cyclops (D:13)
  A kobold blastminer (Orc:1)
  A storm dragon simulacrum (IceCv)
  A nameless horror (D:13)
  A komodo dragon (Lair:5)
  4 blink frogs
  A wyvern (Lair:5)
  4 yaks
  A vampire mosquito (D:11)
  An ice dragon simulacrum (IceCv)
  An orc warrior (D:9)
  A phantom (D:6)
  A gnoll sergeant (D:10)
  A wight (D:7)
  4 killer bees
  A howler monkey (D:8)
  3 gnolls
  An adder (D:6)
  2 orcs (D:10)
  2 kobolds (D:4)
  A rat (D:10)
46 creatures vanquished.

Vanquished Creatures (others)
  A shadow (D:11)
  A basilisk (D:12)
  An orc warrior (D:10)
  An orc (D:9)
  2 kobolds (D:9)
  16 blazeheart cores
22 creatures vanquished.

Grand Total: 806 creatures vanquished

Notes
Turn   | Place    | Note
-------+----------+-------------------------------------------
     0 | D:1      | Ignak the Gnoll Air Elementalist began the quest for the
                  | Orb.
     0 | D:1      | Reached XP level 1. HP: 13/13 MP: 6/6
    55 | D:1      | You fall into a shaft and drop 1 floor!
   178 | D:1      | Reached XP level 2. HP: 19/19 MP: 4/7
   273 | D:1      | Learned a level 2 spell: Static Discharge
   941 | D:2      | Reached skill level 5 in Spellcasting
   941 | D:2      | Reached XP level 3. HP: 24/25 MP: 1/9
  1148 | D:2      | Reached skill level 1 in Invocations
  1335 | D:2      | Reached skill level 1 in Fighting
  1335 | D:2      | Reached skill level 1 in Short Blades
  1335 | D:2      | Reached skill level 1 in Long Blades
  1335 | D:2      | Reached skill level 1 in Axes
  1335 | D:2      | Reached skill level 1 in Maces & Flails
  1335 | D:2      | Reached skill level 1 in Polearms
  1335 | D:2      | Reached skill level 1 in Staves
  1335 | D:2      | Reached skill level 1 in Ranged Weapons
  1335 | D:2      | Reached skill level 1 in Throwing
  1335 | D:2      | Reached skill level 1 in Armour
  1335 | D:2      | Reached skill level 1 in Shields
  1335 | D:2      | Reached skill level 1 in Unarmed Combat
  1335 | D:2      | Reached skill level 1 in Evocations
  2045 | D:3      | Noticed a scorpion
  2058 | D:3      | Killed a scorpion
  2059 | D:3      | Reached skill level 1 in Hexes
  2059 | D:3      | Reached skill level 1 in Summonings
  2059 | D:3      | Reached skill level 1 in Necromancy
  2059 | D:3      | Reached skill level 1 in Translocations
  2059 | D:3      | Reached skill level 1 in Fire Magic
  2059 | D:3      | Reached skill level 1 in Ice Magic
  2059 | D:3      | Reached skill level 1 in Earth Magic
  2059 | D:3      | Reached skill level 1 in Alchemy
  2059 | D:3      | Reached skill level 1 in Shapeshifting
  2059 | D:3      | Reached XP level 4. HP: 21/32 MP: 0/11
  2158 | D:3      | Reached XP level 5. HP: 37/37 MP: 3/12
  2402 | D:3      | Found Kius's Assorted Antiques.
  2434 | D:3      | Reached XP level 6. HP: 44/44 MP: 8/13
  2460 | D:3      | Bought a runed leather armour for 120 gold pieces
  2832 | D:3      | Learned a level 3 spell: Swiftness
  2836 | D:3      | Learned a level 3 spell: Call Canine Familiar
  2900 | D:4      | Reached skill level 5 in Dodging
  2945 | D:4      | Reached skill level 2 in Polearms
  2999 | D:4      | Found a staircase to the Ecumenical Temple.
  3008 | Temple   | Entered the Ecumenical Temple
  3030 | Temple   | Became a worshipper of Sif Muna the Loreminder
  3583 | D:4      | Reached XP level 7. HP: 51/51 MP: 9/15
  3790 | D:5      | Entered Level 5 of the Dungeon
  3974 | D:5      | Gained mutation: You are partially covered in iridescent
                  | scales. (AC +2) [potion of mutation]
  3974 | D:5      | Gained mutation: You are robust. (+10% HP) [potion of
                  | mutation]
  3974 | D:5      | Gained mutation: Your body sometimes deteriorates upon
                  | taking damage. [potion of mutation]
  3974 | D:5      | Gained mutation: You are mostly covered in iridescent
                  | scales. (AC +4) [potion of mutation]
  4017 | D:5      | Reached * piety under Sif Muna
  4018 | D:5      | Reached skill level 5 in Stealth
  4492 | D:5      | Found a sacrificial altar of Ru.
  4547 | D:5      | Found Jippa's Book Emporium.
  4548 | D:5      | Noticed a walking divine tome
  4549 | D:5      | Noticed a walking earthen tome
  4587 | D:5      | Reached skill level 3 in Polearms
  4587 | D:5      | Reached XP level 8. HP: 63/63 MP: 13/16
  5301 | D:6      | Noticed temujin's ghost (novice HuWn)
  5474 | D:6      | Identified the +3 pair of gloves of Dirais {SInv}
  5622 | D:6      | Found a transporter.
  5862 | D:6      | Found a transporter.
  5905 | D:6      | Learned a level 4 spell: Airstrike
  6155 | D:6      | Killed temujin's ghost
  6156 | D:6      | Reached skill level 4 in Polearms
  6156 | D:6      | Reached XP level 9. HP: 53/71 MP: 4/18
  6550 | D:7      | Noticed a boulder beetle
  6560 | D:7      | Reached skill level 5 in Invocations
  6581 | D:7      | Killed a boulder beetle
  6735 | D:7      | Reached ** piety under Sif Muna
  6736 | D:7      | Reached skill level 5 in Fighting
  6736 | D:7      | Reached skill level 5 in Short Blades
  6736 | D:7      | Reached skill level 5 in Long Blades
  6736 | D:7      | Reached skill level 5 in Axes
  6736 | D:7      | Reached skill level 5 in Maces & Flails
  6736 | D:7      | Reached skill level 5 in Polearms
  6736 | D:7      | Reached skill level 5 in Staves
  6736 | D:7      | Reached skill level 5 in Ranged Weapons
  6736 | D:7      | Reached skill level 5 in Throwing
  6736 | D:7      | Reached skill level 5 in Armour
  6736 | D:7      | Reached skill level 5 in Shields
  6736 | D:7      | Reached skill level 5 in Unarmed Combat
  6736 | D:7      | Reached skill level 5 in Evocations
  6792 | D:7      | Reached XP level 10. HP: 79/81 MP: 20/20
  7319 | D:8      | Reached skill level 5 in Conjurations
  7409 | D:7      | Learned a level 4 spell: Summon Blazeheart Golem
  7769 | D:8      | Found the +5 woodcutter's axe
  7827 | D:8      | Found a white marble altar of Elyvilon.
  7828 | D:8      | Found a radiant altar of Vehumet.
  8150 | D:8      | Reached skill level 5 in Shapeshifting
  8193 | D:9      | Reached *** piety under Sif Muna
  8557 | D:9      | Identified the +4 chain mail of Zuwke {^Drain Fly Regen+}
  8654 | D:9      | Noticed Erica
  8661 | D:9      | Learned a level 4 spell: Sticky Flame
  8786 | D:9      | Killed Erica
  9077 | D:9      | Reached skill level 6 in Polearms
  9085 | D:9      | Reached skill level 5 in Hexes
  9085 | D:9      | Reached skill level 5 in Summonings
  9085 | D:9      | Reached skill level 5 in Necromancy
  9085 | D:9      | Reached skill level 5 in Translocations
  9085 | D:9      | Reached skill level 5 in Fire Magic
  9085 | D:9      | Reached skill level 5 in Ice Magic
  9085 | D:9      | Reached skill level 5 in Earth Magic
  9085 | D:9      | Reached skill level 5 in Alchemy
  9416 | D:10     | Entered Level 10 of the Dungeon
  9437 | D:10     | Noticed a death yak
  9437 | D:10     | Noticed a death yak
  9441 | D:10     | Noticed a death yak
  9516 | D:10     | Reached XP level 11. HP: 59/89 MP: 12/22
  9673 | D:10     | Found a staircase to the Lair.
 10037 | D:10     | Killed a death yak
 10175 | D:10     | Paralysed by a hornet for 2 turns
 10307 | D:10     | Found a staircase to the Orcish Mines.
 10412 | D:10     | Reached **** piety under Sif Muna
 10734 | D:9      | Killed a death yak
 10752 | D:10     | Killed a death yak
 11092 | D:11     | Learned a level 5 spell: Fireball
 11356 | D:11     | Noticed a boulder beetle
 11373 | D:11     | Killed a boulder beetle
 11636 | D:11     | Reached skill level 7 in Polearms
 11669 | D:11     | Noticed a two-headed ogre
 11689 | D:11     | Noticed a deep troll earth mage
 11698 | D:11     | Noticed a brown ugly thing
 11698 | D:11     | Killed a two-headed ogre
 11699 | D:11     | Reached XP level 12. HP: 99/100 MP: 12/24
 11710 | D:11     | Killed a deep troll earth mage
 11979 | D:11     | Found a transporter.
 11981 | D:11     | Noticed a two-headed ogre
 12002 | D:11     | Found a transporter.
 12012 | D:11     | Found a bloodstained altar of Trog.
 12019 | D:11     | Noticed bezhaha's ghost (journeyman DjFE)
 12686 | Orc:1    | Entered Level 1 of the Orcish Mines
 12693 | Orc:1    | Noticed an orc high priest
 12904 | Orc:1    | Killed an orc high priest
 13114 | Orc:1    | Found a runed translucent gate.
 13114 | Orc:1    | Found a runed translucent gate.
 13115 | Orc:1    | Found a runed translucent gate.
 13204 | Orc:1    | Found Veopn's Weapon Emporium.
 13472 | Orc:1    | Noticed TheSeeker391's ghost (journeyman HOFi)
 13472 | Orc:1    | Noticed Moethr Peana's ghost (journeyman MiFi)
 14331 | Orc:2    | Entered Level 2 of the Orcish Mines
 14331 | Orc:2    | Found a staircase to the Elven Halls.
 14514 | Orc:2    | Reached skill level 8 in Polearms
 14683 | Orc:2    | Found Riarylor's Antique Armour Emporium.
 14693 | Orc:2    | Bought a pair of brightly glowing boots for 304 gold pieces
 14693 | Orc:2    | Identified the +2 pair of boots "Hyech" {rC+ Int+2} (You
                  | bought it in a shop on level 2 of the Orcish Mines)
 14709 | Orc:2    | Bought an ichor-stained robe for 182 gold pieces
 14709 | Orc:2    | Identified the +1 robe of Nikuavuh {rElec rC+ Dex+3} (You
                  | bought it in a shop on level 2 of the Orcish Mines)
 14717 | Orc:2    | Found Roumoass's Jewellery Boutique.
 14815 | Orc:2    | Noticed a two-headed ogre
 14840 | Orc:2    | HP: 5/101 [orc priest/divine providence (12)]
 14975 | Orc:2    | Killed a two-headed ogre
 15017 | Orc:2    | Noticed an orc high priest
 15029 | Orc:2    | Killed an orc high priest
 15030 | Orc:2    | Reached XP level 13. HP: 77/107 MP: 21/26
 15190 | Orc:2    | Reached ***** piety under Sif Muna
 15616 | Orc:2    | Found Quetiph's Book Shop.
 15616 | Orc:2    | Found Ublec's Antique Weapon Boutique.
 15616 | Orc:2    | Found Wionen's Antique Weapon Boutique.
 15630 | Orc:2    | Reached skill level 9 in Polearms
 15632 | Orc:2    | Found Varuameyza's Magic Scroll Shop.
 15681 | Orc:2    | Bought a twisted war axe for 238 gold pieces
 15681 | Orc:2    | Identified the +2 war axe "Lawirgha" {freeze, rC+ Int+3}
                  | (You bought it in a shop on level 2 of the Orcish Mines)
 16088 | D:12     | Identified the +11 broad axe "Pinopn" {pain, rN+}
 16099 | D:12     | Identified the +8 halberd of the Genius {freeze, Will+}
 16130 | D:12     | Reached skill level 10 in Spellcasting
 16415 | Orc:2    | Bought Maxwell's Memoranda for 440 gold pieces
 16547 | D:11     | Killed Moethr Peana's ghost
 16630 | D:9      | Killed TheSeeker391's ghost
 16708 | D:11     | Killed bezhaha's ghost
 16750 | D:11     | Reached skill level 10 in Dodging
 17175 | D:12     | Noticed a fire giant
 17247 | D:12     | Reached skill level 10 in Polearms
 17309 | Lair:1   | Entered Level 1 of the Lair of Beasts
 17322 | D:10     | Upgraded the game from 0.31-a0-1616-gbeaec30b81 to
                  | 0.31-a0-1620-gcbf77bbcfc
 17329 | D:10     | Learned a level 5 spell: Arcjolt
 17344 | Lair:1   | Reached skill level 10 in Stealth
 17468 | Lair:1   | Learned a level 3 spell: Passwall
 17472 | Lair:1   | Learned a level 3 spell: Stone Arrow
 17751 | Lair:1   | Paralysed by a hornet for 2 turns
 17764 | Lair:1   | Reached XP level 14. HP: 99/118 MP: 9/28
 17993 | Lair:1   | Noticed Jeremiah
 18001 | Lair:1   | Killed Jeremiah
 18002 | Lair:1   | Reached skill level 10 in Invocations
 18257 | Lair:2   | Found a gate leading to a gauntlet.
 18268 | Gauntlet | Entered a Gauntlet
 18268 | Gauntlet | Found a transporter.
 18268 | Gauntlet | Found a transporter.
 18268 | Gauntlet | Found a transporter.
 18272 | Gauntlet | Found a transporter.
 18284 | Gauntlet | Found a transporter.
 18286 | Gauntlet | Found a transporter.
 18298 | Gauntlet | Found a transporter.
 18325 | Gauntlet | Found a transporter.
 18342 | Gauntlet | Found a transporter.
 18346 | Gauntlet | Found a transporter.
 18359 | Gauntlet | Found a transporter.
 18363 | Gauntlet | Found a transporter.
 18479 | Gauntlet | Identified the ring "Yteh Zio" {Fire ^Drain rCorr Str-3
                  | Dex+6}
 18605 | Gauntlet | Identified the staff of Amoub {rN+ Str+6 Int-3 Conj}
 18605 | Gauntlet | Identified the ring of Vuaxkewn {rElec rC+ rN+ Dex+5}
 18606 | Gauntlet | Got the Atlas of the Fair Folk and the Bonfire
 19041 | Lair:2   | Found a hole to the Spider Nest.
 19667 | Lair:3   | Reached skill level 11 in Polearms
 19905 | Lair:3   | Noticed Nessos
 19925 | Lair:3   | Killed Nessos
 19992 | Lair:3   | Found a staircase to the Swamp.
 20856 | Lair:4   | Noticed Snorg
 20870 | Lair:4   | Killed Snorg
 20871 | Lair:4   | Reached skill level 10 in Air Magic
 20884 | Lair:4   | Reached skill level 10 in Fighting
 20884 | Lair:4   | Reached skill level 10 in Short Blades
 20884 | Lair:4   | Reached skill level 10 in Long Blades
 20884 | Lair:4   | Reached skill level 10 in Axes
 20884 | Lair:4   | Reached skill level 10 in Maces & Flails
 20884 | Lair:4   | Reached skill level 10 in Staves
 20884 | Lair:4   | Reached skill level 10 in Ranged Weapons
 20884 | Lair:4   | Reached skill level 10 in Throwing
 20884 | Lair:4   | Reached skill level 10 in Armour
 20884 | Lair:4   | Reached skill level 10 in Shields
 20884 | Lair:4   | Reached skill level 10 in Unarmed Combat
 20884 | Lair:4   | Reached skill level 10 in Evocations
 21117 | Lair:4   | Found a runed translucent door.
 21118 | Lair:4   | Noticed Hab Okin's ghost (journeyman GnSh)
 21166 | Lair:4   | Killed Hab Okin's ghost
 21306 | Lair:4   | You fall into a shaft and drop 1 floor!
 21306 | Lair:5   | Entered Level 5 of the Lair of Beasts
 21423 | Lair:4   | Learned a level 6 spell: Summon Cactus Giant
 21459 | Lair:4   | Found a viscous altar of Jiyva.
 21462 | Lair:4   | Found a staircase to the Slime Pits.
 21756 | Lair:5   | Noticed Urug
 21770 | Lair:5   | Killed Urug
 21771 | Lair:5   | Reached XP level 15. HP: 77/126 MP: 7/30
 22088 | Lair:5   | Reached skill level 12 in Polearms
 23079 | D:12     | Identified a scroll of acquirement
 23080 | D:12     | Acquired 635 gold pieces
 23125 | D:12     | Killed a fire giant
 23308 | D:3      | Bought the -2 hat of the Alchemist {rElec rPois rF+ rC+ rN+
                  | Will+ rMut rCorr} for 1132 gold pieces
 23308 | D:3      | Found the -2 hat of the Alchemist {rElec rPois rF+ rC+ rN+
                  | Will+ rMut rCorr}
 23556 | Orc:2    | Bought a scroll of blinking for 120 gold pieces
 23556 | Orc:2    | Bought a scroll of blinking for 120 gold pieces
 24440 | D:13     | Got the Elucidation of Friendly Coordinates
 24564 | D:13     | Found a runed translucent door.
 25299 | D:13     | Found a gate to the Vaults.
 25311 | D:13     | Reached skill level 13 in Polearms
 25443 | D:14     | Reached skill level 10 in Shapeshifting
 25443 | D:14     | Found a transporter.
 25607 | D:14     | Found Jeettupa's Specific Store.
 25610 | D:14     | Found Todar's General Store.
 25634 | D:14     | Reached XP level 16. HP: 113/136 MP: 5/32
 25640 | D:15     | Entered Level 15 of the Dungeon
 25912 | D:14     | Found a transporter.
 25981 | D:14     | Found a radiant altar of Vehumet.
 26039 | D:14     | Learned a level 4 spell: Olgreb's Toxic Radiance
 27247 | D:15     | Found a blossoming altar of Fedhas.
 27706 | D:15     | Found a staircase to the Depths.
 27935 | Spider:1 | Entered Level 1 of the Spider Nest
 28093 | Spider:1 | Reached skill level 14 in Polearms
 28105 | Spider:1 | Found a glacial archway.
 28109 | IceCv    | Entered an ice cave
 28283 | IceCv    | Reached skill level 10 in Conjurations
 28564 | IceCv    | Received a gift from Sif Muna
 28569 | IceCv    | Got Sif Muna's Handbook of the Gargoyle and the Mob {god
                  | gift}
 28579 | IceCv    | Learned a level 6 spell: Bombard
 28740 | IceCv    | Identified the ring "Ownu" {rPois AC+4 Slay+3}
 28744 | IceCv    | Identified the amulet "Obo Tede" {Spirit MP+9 Int+5 Stlth+}
 29075 | Spider:1 | Reached XP level 17. HP: 140/143 MP: 6/33
 29104 | Spider:1 | Learned a level 8 spell: Maxwell's Capacitive Coupling
 29329 | Spider:1 | Reached skill level 10 in Hexes
 29329 | Spider:1 | Reached skill level 10 in Summonings
 29329 | Spider:1 | Reached skill level 10 in Necromancy
 29329 | Spider:1 | Reached skill level 10 in Translocations
 29329 | Spider:1 | Reached skill level 10 in Fire Magic
 29329 | Spider:1 | Reached skill level 10 in Ice Magic
 29329 | Spider:1 | Reached skill level 10 in Earth Magic
 29329 | Spider:1 | Reached skill level 10 in Alchemy
 29506 | Spider:1 | You fall into a shaft and drop 1 floor!
 29594 | Spider:2 | Learned a level 4 spell: Vhi's Electric Charge
 29640 | Spider:2 | Noticed Jorgrun
 29652 | Spider:2 | HP: 1/146 [Jorgrun/iron shot (55)]
 29652 | Spider:2 | Constricted to death by Jorgrun

Illustrated notes

Levels and vault maps discovered:
D:1:      saegor_arrival_fortress, layout_loops_ring
D:2:      layout_loops_corners
D:3:      layout_loops_ring, serial_shops, nicolae_shop_getting_attention
D:4:      layout_gridville, minmay_temple_entry_sparse_star
D:5:      layout_cave_pods, nicolae_ru_the_path_less_chosen, serial_shops,
          nicolae_shop_mannequins, serial_park_tiny_2
D:6:      layout_loops_ring, gammafunk_ghost_stat_death
D:7:      layout_rooms
D:8:      layout_cave_pools, nicolae_overflow_squiral,
          dreamdust_deal_with_the_devil, grunt_ministairs_1, eino_jars
D:9:      layout_cave_pools, serial_bayou, serial_bayou_ford_a,
          serial_bayou_lake_a, serial_bayou_pond_c, serial_bayou_pond_e,
          serial_bayou_crossing, minmay_unpleasant_kobolds, uniq_erica
D:10:     layout_basic, dpeg_lair_monsters,
          kennysheep_orc_monster_closet_entryway, kennysheep_cluttered_room
D:11:     layout_basic, gammafunk_ghost_wrathful_warriors, evilmike_minifort
D:12:     minmay_containers, layout_small_grid, minivault_15
D:13:     layout_roguey, hellmonk_vaults_keyhole, minmay_hidden_floor
D:14:     gammafunk_cloud_chamber, layout_loops_ring, vehumet_crystals,
          nicolae_specific_store
D:15:     grunt_enter_depths_snipers, layout_loops_ring, minivault_11,
          fedhas_altar_1
Temple:   compressed_dpeg_triangle_lava_temple
Lair:1:   layout_loops_ring, dreamdust_wasp_nest, uniq_jeremiah
Lair:2:   layout_loops_ring, nicolae_spider_entry_orb_guardian,
          gauntlet_entry_generic, special_room, wad_woods_03, grunt_megastairs_2
Lair:3:   layout_small_grid, minmay_swamp_entry_worms, beast_lair_carwin_11,
          uniq_nessos
Lair:4:   layout_layer_cave, slime_entry_1, gammafunk_ghost_grave, uniq_snorg
Lair:5:   hangedman_lair_in_review, layout_loops_ring, uniq_urug
Spider:1: layout_spider_delve, portal_ice_cave_entry_pillars_three
Spider:2: layout_spider_delve, uniq_jorgrun
Orc:1:    layout_caves, gammafunk_ghost_cemetery, serial_shops, shop
Orc:2:    st_orc_mages, layout_caves, serial_shops, shop,
          minmay_shop_enchanted_jewellery, minmay_orc_barracks

Skill      XL: |  1  2  3  4  5  6  7  8  9 10 11 12 13 14 15 16 17 |
---------------+----------------------------------------------------+-----
Conjurations   | 2 3 4 5 6 7 8 9 10 | 10.3
Spellcasting   | 5 6 7 8 9 10 11 12 | 12.8
Invocations    | 1 2 3 4 5 6 7 8 9 10 11 12 | 12.9
Fighting       | 1 2 3 4 5 6 7 8 9 10 11 | 11.9
Short Blades   | 1 2 3 4 5 6 7 8 9 10 11 | 11.9
Long Blades    | 1 2 3 4 5 6 7 8 9 10 11 | 11.9
Axes           | 1 2 3 4 5 6 7 8 9 10 11 | 11.9
Maces & Flails | 1 2 3 4 5 6 7 8 9 10 11 | 11.9
Polearms       | 1 2 3 4 5 6 7 8 10 11 13 14 | 14.7
Staves         | 1 2 3 4 5 6 7 8 9 10 11 | 11.9
Ranged Weapons | 1 2 3 4 5 6 7 8 9 10 11 | 11.9
Throwing       | 1 2 3 4 5 6 7 8 9 10 11 | 11.9
Armour         | 1 2 3 4 5 6 7 8 9 10 11 | 11.9
Shields        | 1 2 3 4 5 6 7 8 9 10 11 | 11.9
Unarmed Combat | 1 2 3 4 5 6 7 8 9 10 11 | 11.9
Evocations     | 1 2 3 4 5 6 7 8 9 10 11 | 11.9
Hexes          | 1 2 3 4 5 6 7 8 9 10 | 10.0
Summonings     | 1 2 3 4 5 6 7 8 9 10 | 10.0
Necromancy     | 1 2 3 4 5 6 7 8 9 10 | 10.0
Translocations | 1 2 3 4 5 6 7 8 9 10 | 10.0
Fire Magic     | 1 2 3 4 5 6 7 8 9 10 | 10.0
Ice Magic      | 1 2 3 4 5 6 7 8 9 10 | 10.0
Earth Magic    | 1 2 3 4 5 6 7 8 9 10 | 10.0
Alchemy        | 1 2 3 4 5 6 7 8 9 10 | 10.0
Shapeshifting  | 1 2 3 4 5 6 7 8 9 10 | 10.9
Dodging        | 5 6 7 8 9 10 11 12 | 12.7
Stealth        | 5 6 7 8 9 10 11 12 | 12.6
Air Magic      | 6 7 8 9 10 11 | 11.4

Action                     |  1- 3 |  4- 6 |  7- 9 | 10-12 | 13-15 | 16-18 || total
---------------------------+-------+-------+-------+-------+-------+-------++-------
  Melee: Short sword       |     6 |    64 |   134 |       |       |       ||   204
         Unarmed           |     2 |       |       |       |       |       ||     2
         Bite              |     6 |    11 |    15 |    58 |    94 |    72 ||   256
         Spear             |    58 |    25 |       |       |       |       ||    83
         Punch             |       |     1 |     4 |     2 |    46 |    61 ||   114
         Dagger            |       |       |    49 |       |       |       ||    49
         Staff             |       |       |    37 |       |       |       ||    37
         Trident           |       |       |    12 |    53 |       |       ||    65
         Battleaxe         |       |       |       |   464 |   147 |       ||   611
         Long sword        |       |       |       |    10 |     4 |       ||    14
         Demon blade       |       |       |       |     3 |       |       ||     3
         Broad axe         |       |       |       |       |   490 |   348 ||   838
         Halberd           |       |       |       |       |     4 |       ||     4
  Throw: Dart              |       |     3 |    16 |    24 |    10 |     6 ||    59
   Cast: Shock             |    31 |    34 |    14 |       |       |       ||    79
         Static Discharge  |     2 |     8 |    28 |    21 |       |       ||    59
         Call Canine Famil |       |     1 |     6 |    22 |     3 |       ||    32
         Airstrike         |       |       |     6 |    32 |    12 |       ||    50
         Summon Blazeheart |       |       |       |    31 |     7 |       ||    38
         Swiftness         |       |       |       |    11 |     7 |     3 ||    21
         Fireball          |       |       |       |    19 |     8 |       ||    27
         Sticky Flame      |       |       |       |    27 |    84 |    48 ||   159
         Summon Hydra      |       |       |       |     1 |       |       ||     1
         Stone Arrow       |       |       |       |       |    10 |     6 ||    16
         Maxwell's Capacit |       |       |       |       |     6 |       ||     6
         Arcjolt           |       |       |       |       |    45 |    27 ||    72
         Passwall          |       |       |       |       |     2 |       ||     2
         Summon Cactus Gia |       |       |       |       |    11 |     7 ||    18
         Olgreb's Toxic Ra |       |       |       |       |       |    23 ||    23
         Bombard           |       |       |       |       |       |     5 ||     5
         Vhi's Electric Ch |       |       |       |       |       |     1 ||     1
 Invoke: Channel Magic     |       |       |       |     3 |     4 |     1 ||     8
         Divine Exegesis   |       |       |       |     1 |     6 |       ||     7
         Forget Spell      |       |       |       |       |       |     2 ||     2
  Evoke: Wand              |       |       |     1 |     1 |     2 |       ||     4
         Phial of floods   |       |       |       |     2 |     4 |     1 ||     7
         Lightning rod     |       |       |       |       |       |     5 ||     5
    Use: Scroll            |     2 |       |    11 |     6 |    15 |    14 ||    48
         Potion            |       |       |    10 |     4 |     3 |       ||    17
   Stab: Sleeping          |     5 |     2 |     6 |     5 |    19 |     6 ||    43
         Distracted        |       |       |     1 |     1 |     1 |     2 ||     5
         Petrified         |       |       |       |       |     5 |       ||     5
 Armour: Robe              |    17 |     2 |       |       |       |       ||    19
         Leather armour    |       |    33 |   198 |   559 |   192 |       ||   982
         Troll leather arm |       |       |       |       |   372 |   451 ||   823
         Acid dragon scale |       |       |       |       |    12 |       ||    12
  Dodge: Dodged            |    54 |    91 |   434 |   800 |   914 |   695 ||  2988
  Block: Kite shield       |       |       |       |       |    10 |       ||    10
         Other             |       |       |       |       |       |    45 ||    45

Table legend: (Time is in decaauts)
 A = Elapsed time spent in this place.
 B = Non-inter-level travel time spent in this place.
 C = Inter-level travel time spent in this place.
 D = Time resting spent in this place.
 E = Time spent auto-exploring this place.
 F = Levels seen in this place.
 G = Mean time per level.
                   A        B        C        D        E       F      G
               +--------+--------+--------+--------+--------+-----+--------+
         Total |  29816 |  27739 |   2077 |   3481 |  12079 |  27 | 1104.3 |
       Dungeon |  19912 |  18343 |   1569 |   2608 |   8083 |  15 | 1327.5 |
        Temple |     42 |     42 |      0 |      0 |      0 |   1 |   42.0 |
          Lair |   5465 |   5236 |    229 |    434 |   3110 |   5 | 1093.0 |
   Spider Nest |    847 |    847 |      0 |     78 |    215 |   2 |  423.5 |
  Orcish Mines |   2381 |   2103 |    278 |    209 |    592 |   2 | 1190.5 |
      Ice Cave |    717 |    717 |      0 |    141 |      0 |   1 |  717.0 |
      Gauntlet |    449 |    449 |      0 |     11 |     79 |   1 |  449.0 |
               +--------+--------+--------+--------+--------+-----+--------+

Top non-repeatable levels by time:
    D:10: 2554 daAuts
    D:11: 2391 daAuts
   Orc:2: 1465 daAuts
    D:13: 1405 daAuts
    D:12: 1353 daAuts
     D:9: 1323 daAuts
     D:5: 1294 daAuts
     D:6: 1264 daAuts
    D:14: 1248 daAuts
  Lair:5: 1245 daAuts
  Lair:4: 1245 daAuts
  Lair:2: 1158 daAuts
     D:8: 1152 daAuts
    D:15: 1109 daAuts
     D:3: 1036 daAuts
